 Dungeon Crawl Stone Soup version 0.28-a0-1594-ga885d4b3d6 (webtiles) character file.

Game seed: 17350747707627687172

56 parzival7114810 the Chopper (level 3, 0/33 HPs)
             Began as a Hill Orc Monk on Jan 20, 2022.
             Slain by a kobold (3 damage)
             ... while paralysed by Grinder
             ... on level 3 of the Dungeon.
             The game lasted 00:04:20 (3045 turns).

parzival7114810 the Chopper (Hill Orc Monk)         Turns: 3045, Time: 00:04:21

Health: 0/33       AC:  3    Str: 15    XL:     3   Next: 95%
Magic:  3/3        EV:  2    Int: 10    God:
Gold:   30         SH:  0    Dex: 13    Spells: 2/2 levels left

rFire   + . .      SeeInvis .   a - +0 hand axe
rCold   . . .      Faith    .   h - +0 buckler
rNeg    . . .      Spirit   .   b - +1 robe
rPois   .          Reflect  .   (no helmet)
rElec   .          Harm     .   (no cloak)
rCorr   .          Rampage  .   (no gloves)
Will    .....                   (no boots)
Stlth   ++........              (no amulet)
HPRegen 0.11/turn               f - ring of protection from fire
MPRegen 0.08/turn               (no ring)

@: paralysed
A: no striking features
a: no special abilities


You were on level 3 of the Dungeon.
You visited 1 branch of the dungeon, and saw 3 of its levels.

You collected 30 gold pieces.

Inventory:

Hand Weapons
 a - a +0 hand axe (weapon)
Armour
 b - a +1 robe (worn)
 h - a +0 buckler (worn)
Jewellery
 f - a ring of protection from fire (left hand)
Scrolls
 c - a scroll of noise {unknown}
 e - a scroll of magic mapping {unknown}
Potions
 d - 2 potions of curing
 g - a potion of haste {unknown}


   Skills:
 + Level 4.1 Fighting
 + Level 5.1 Axes
 + Level 2.8 Dodging
 + Level 1.9 Stealth


You had 2 spell levels left.
You didn't know any spells.
Your spell library was empty.

Dungeon Overview and Level Annotations

Branches:
Dungeon (3/15)

Altars:
Xom

Annotations:
D:3 Grinder


Message History

Done exploring.
Done exploring.
You see here a +0 leather armour.
Things that are here:
a +0 short sword; 4 stones
There is an escape hatch in the floor here.
You slide downwards.
The hatch slams shut behind you.
Found 18 stones and a potion of curing.
Found a stone staircase leading up.
There is a stone staircase leading up here.
d - 2 potions of curing (gained 1)
Found a hand axe.
Found a stone staircase leading down.
A kobold comes into view. It is wielding a +0 whip.
The kobold shouts!
You hear an angry hiss.
The kobold throws a stone.
The stone closely misses you.
You see here a +0 hand axe.
The kobold hits you with a +0 whip.
You hit the kobold but do no damage.
Grinder comes into view.
The kobold closely misses you.
A kobold comes into view.
It is wielding a +2 short sword of speed.
Grinder shouts!
You closely miss the kobold.
The kobold shouts!
You hit Grinder.
You hear a shout!
The kobold hits you with a +0 whip. Grinder gestures at you.
You suddenly lose the ability to move!
The kobold hits you but does no damage.
A frilled lizard comes into view.
Grinder gestures at you.
You shrug off the repeated paralysis!
The kobold hits you with a +0 whip. Grinder hits you but does no damage.
Grinder hits you!
You writhe in agony.
The kobold hits you with a +0 whip. Grinder hits you!
* * * LOW HITPOINT WARNING * * *
You writhe in agony.
* * * LOW HITPOINT WARNING * * *
The kobold hits you but does no damage. The kobold hits you with a +0 whip.
You die...

#..<.# #
#.##.# #....#
#.#### #.# #.#
# #.#
##..#.#K####.#
...>.lK@.)...#
....#.#5######
.. #.#.. #
####


You could see Grinder, 2 kobolds and a frilled lizard.

Vanquished Creatures
  An adder (D:2)
  A worm (D:2)
  3 dart slugs (D:1)
  5 endoplasms
  2 giant cockroaches (D:1)
  A goblin (D:1)
  5 hobgoblins
  2 quokkas (D:1)
  4 ball pythons
  3 bats (D:1)
  A frilled lizard (D:1)
  5 kobolds
  4 rats
37 creatures vanquished.

Notes
Turn   | Place    | Note
-------+----------+-------------------------------------------
     0 | D:1      | parzival7114810 the Hill Orc Monk began the quest for the
                  | Orb.
     0 | D:1      | Reached XP level 1. HP: 19/19 MP: 1/1
   163 | D:1      | Reached XP level 2. HP: 19/27 MP: 2/2
   687 | D:1      | Reached XP level 3. HP: 30/33 MP: 3/3
   975 | D:1      | Found a faded altar of an unknown god.
  1187 | D:2      | Found a shimmering altar of Xom.
  1925 | D:2      | HP: 1/33 [poisoned by an adder]
  1926 | D:2      | Reached skill level 5 in Axes
  3039 | D:3      | Noticed Grinder
  3040 | D:3      | Paralysed by Grinder for 7 turns
  3045 | D:3      | Slain by a kobold

Illustrated notes

Levels and vault maps discovered:
D:1:      lightli_arrival_lavapool, layout_rooms,
          shapermc_ecumenical_altar_mp_urbaneastern, minmay_pentomino_x2
D:2:      layout_rooms, basic_altar
D:3:      layout_basic, mainiacjoe_overflow_small_starburst,
          uniq_crazy_yiuf_cottage, uniq_grinder

Skill      XL: |  1  2  3 |
---------------+----------+-----
Fighting       | 4 |  4.1
Axes           | 5 |  5.1
Dodging        | |  2.8
Stealth        | |  1.9

Action                   || total
-------------------------++-------
Melee: Hand axe          ||   120
       Punch             ||     2
  Use: Scroll            ||     2
       Potion            ||     1
 Stab: Sleeping          ||     3
Armor: Robe              ||    29
Dodge: Dodged            ||    90

Table legend: (Time is in decaauts)
 A = Elapsed time spent in this place.
 B = Non-inter-level travel time spent in this place.
 C = Inter-level travel time spent in this place.
 D = Time resting spent in this place.
 E = Time spent auto-exploring this place.
 F = Levels seen in this place.
 G = Mean time per level.
                   A        B        C        D        E       F      G
               +--------+--------+--------+--------+--------+-----+--------+
         Total |   3052 |   2954 |     98 |   1336 |   1192 |   3 | 1017.3 |
       Dungeon |   3052 |   2954 |     98 |   1336 |   1192 |   3 | 1017.3 |
               +--------+--------+--------+--------+--------+-----+--------+

Top non-repeatable levels by time:
     D:2: 1854 daAuts
     D:1: 1167 daAuts
     D:3: 29 daAuts
